 Dungeon Crawl Stone Soup version 0.22-a0-322-g60b3cfd (webtiles) character file.

1228 Kairos the Slasher (level 8, -12/64 HPs)
             Began as a Barachi Fighter on Apr 5, 2018.
             Mangled by a mummy (15 damage)
             ... in an ossuary.
             The game lasted 00:10:07 (5413 turns).

Kairos the Slasher (Barachi Fighter)                Turns: 5413, Time: 00:10:07

Health: -12/64     AC: 10    Str: 17    XL:     8   Next: 48%
Magic:  8/8        EV:  9    Int:  8    God:
Gold:   171        SH: 10    Dex: 15    Spells: 7/7 levels left

rFire    . . .     SeeInvis .   a - +0 long sword
rCold    . . .     Gourm    .   c - +0 shield
rNeg     . . .     Faith    .   b - +0 scale mail
rPois    .         Spirit   .   (no helmet)
rElec    .         Reflect  .   l - +0 cloak
rCorr    .         Harm     .   G - +0 pair of gloves
MR       .....                  (no boots)
Stlth    ..........             (no amulet)
HPRegen  0.20/turn              (no ring)
MPRegen  0.11/turn              (no ring)

@: slow
A: +LOS, swims, slowness 1, strong legs 1
a: Hop


You were in an ossuary.
You were not hungry.

You visited 1 branch of the dungeon, and saw 5 of its levels.
You also visited: Sewer and Ossuary.

You collected 171 gold pieces.

Inventory:

Hand Weapons
 a - a +0 long sword (weapon)
Missiles
 d - 5 tomahawks
 p - 4 poisoned javelins (quivered)
Armour
 b - a +0 scale mail (worn)
 c - a +0 shield (worn)
 j - a +2 pair of gloves
 l - a +0 cloak (worn)
 G - a +0 pair of gloves (worn)
Wands
 I - a wand of iceblast (9)
Scrolls
 e - a scroll of fog
 g - 2 scrolls of magic mapping {unknown}
 h - a scroll of enchant armour {unknown}
 i - a scroll of amnesia {unknown}
 k - a scroll of enchant weapon {unknown}
 m - a scroll of blinking
 n - 2 scrolls of noise {unknown}
 o - 12 scrolls of teleportation
 q - 2 scrolls of remove curse {unknown}
 r - 3 scrolls of immolation {unknown}
 v - a scroll of random uselessness {unknown}
 w - a scroll of vulnerability {unknown}
 y - a scroll of fear {unknown}
 J - 2 scrolls of identify
Potions
 s - a potion of haste {unknown}
 t - a potion of brilliance {unknown}
 u - 6 potions of degeneration {unknown}
 x - 2 potions of invisibility
 z - 3 potions of flight
 A - 3 potions of might
 B - 2 potions of curing
 C - a potion of lignification {unknown}
 D - a potion of agility {unknown}
 E - a potion of mutation
 F - a potion of heal wounds {unknown}
 H - 2 potions of resistance {unknown}
Comestibles
 f - 9 rations


   Skills:
 + Level 5.7 Fighting
 + Level 7.6 Long Blades
 + Level 6.7 Armour
 + Level 2.4 Dodging
 + Level 0.2 Stealth
 + Level 5.7 Shields


You had 7 spell levels left.
You didn't know any spells.

Dungeon Overview and Level Annotations

Branches:
Dungeon (5/15)
 Temple: D:4-7

Altars:
Nemelex Xobeh
Ru
Sif Muna
Uskayaw
Xom
Zin


Innate Abilities, Weirdness & Mutations

Shadows flee at your approach. (+LOS)
You can swim through water.
You cover ground slowly.
You can hop short distances.


Message History

You block the mummy's attack.
You slash the mummy!
The mummy is heavily damaged.
You slash the mummy!
The mummy is almost destroyed.
The mummy hits you!
* * * LOW HITPOINT WARNING * * *
Your shield and scale mail prevent you from hitting the mummy.
The mummy is almost destroyed.
You block the mummy's attack.
Your shield and scale mail prevent you from hitting the mummy.
The mummy is almost destroyed.
You hit the mummy but do no damage.
The mummy is almost destroyed.
The mummy hits you!
* * * LOW HITPOINT WARNING * * *
Your shield prevents you from hitting the mummy.
The mummy is almost destroyed.
The mummy hits you!
You die...

##.....................#
##.........∩∩..........#
##.....................#
#......................
......................
...##...............# .
...##...............##...
.........................
................@M.......
'.........#####.........#
#.......................#
#...........∩...........#
#########################


You could see a mummy.

Vanquished Creatures
  The ghost of Jarno the Insei, a novice OpTm of Gozag (D:4)
  Grinder (D:3)
  Sigmund (D:3)
  A sky beast (D:4)
  An ogre (D:4)
  A human zombie (Ossuary)
  An orc wizard (D:3)
  3 hounds
  Terence (D:3)
  Jessica (D:2)
  A worker ant (D:4)
  A big kobold zombie (Ossuary)
  3 hound zombies (Ossuary)
  2 mummies (Ossuary)
  4 adders
  6 oozes
  5 worms
  2 dart slugs (D:1)
  2 leopard geckos (Sewer)
  9 orcs (D:3)
  2 ball pythons
  6 bats (Sewer)
  9 giant cockroaches
  6 goblins
  A hobgoblin (D:2)
  4 jackals (Sewer)
  2 kobolds
  A quokka (D:2)
  2 frilled lizards
  2 gnoll zombies (Ossuary)
  A hobgoblin zombie (Ossuary)
  2 jackal zombies (Ossuary)
  3 rats
  2 rat zombies (Ossuary)
90 creatures vanquished.

Notes
Turn   | Place    | Note
-------+----------+-------------------------------------------
     0 | D:1      | Kairos the Barachi Fighter began the quest for the Orb.
     0 | D:1      | Reached XP level 1. HP: 18/18 MP: 1/1
   300 | D:1      | Reached XP level 2. HP: 25/25 MP: 2/2
   807 | D:2      | Found a glowing silver altar of Zin.
   807 | D:2      | Noticed an angel
   811 | D:2      | Noticed Jessica
   815 | D:2      | Found a shimmering altar of Xom.
   820 | D:2      | Killed Jessica
   820 | D:2      | Reached XP level 3. HP: 29/31 MP: 3/3
  1444 | D:2      | Found a deep blue altar of Sif Muna.
  1469 | D:3      | Reached skill level 3 in Long Blades
  1469 | D:3      | Reached XP level 4. HP: 38/38 MP: 4/4
  1947 | D:3      | Noticed Terence
  1964 | D:3      | Killed Terence
  1964 | D:3      | Reached XP level 5. HP: 21/43 MP: 5/5
  2138 | D:3      | Reached skill level 4 in Long Blades
  2346 | D:3      | Noticed Sigmund
  2370 | D:3      | Killed Sigmund
  2370 | D:3      | Reached skill level 5 in Long Blades
  2370 | D:3      | Reached skill level 5 in Armour
  2370 | D:3      | Reached skill level 1 in Dodging
  2370 | D:3      | Reached XP level 6. HP: 5/50 MP: 6/6
  2792 | D:3      | Noticed Grinder
  2808 | D:3      | Paralysed by Grinder for 5 turns
  2816 | D:3      | Killed Grinder
  2816 | D:3      | Reached skill level 5 in Fighting
  2816 | D:3      | Reached XP level 7. HP: 55/56 MP: 7/7
  3102 | D:4      | Noticed Jarno's ghost (novice OpTm)
  3249 | D:4      | Reached skill level 6 in Long Blades
  3261 | D:4      | Found a glowing drain.
  3282 | Sewer    | Entered a sewer
  4144 | D:4      | Found a sacrificial altar of Ru.
  4413 | D:4      | Killed Jarno's ghost
  4413 | D:4      | Reached skill level 7 in Long Blades
  4413 | D:4      | Reached skill level 5 in Shields
  4413 | D:4      | Reached XP level 8. HP: 41/63 MP: 8/8
  4707 | D:4      | Found a sparkling altar of Nemelex Xobeh.
  4707 | D:4      | Found a hide-covered altar of Uskayaw.
  4871 | D:5      | Entered Level 5 of the Dungeon
  5147 | D:5      | Found a sand-covered staircase.
  5167 | Ossuary  | Entered an ossuary
  5412 | Ossuary  | HP: 3/64 [mummy (15)]
  5413 | Ossuary  | Mangled by a mummy

Vault maps used:
D:1:      minmay_arrival_glassed_features
D:2:      grunt_temple_overflow_order_and_chaos_1, lemuel_blue_sif_altar,
          uniq_jessica
D:3:      minmay_misc_feat_plants, uniq_grinder, uniq_sigmund, uniq_terence
D:4:      lemuel_round_altar, gammafunk_temple_overflow_wave, first_ration,
          portal_sewer_entry_d
D:5:      nicolae_ossuary_entry_monument
Sewer:    sewer_fruit_machine
Ossuary:  ossuary_minmay_tomb_2a

Skill      XL: |  1  2  3  4  5  6  7 |
---------------+----------------------+-----
Fighting       | 4 5 |  5.7
Armour         | 4 5 6 |  6.7
Long Blades    | 3 5 7 |  7.6
Dodging        | 1 2 |  2.4
Shields        | 4 5 |  5.7
Stealth        | |  0.2

Action                   |  1- 3 |  4- 6 |  7- 9 || total
-------------------------+-------+-------+-------++-------
Melee: Long sword        |    60 |   110 |   260 ||   430
  Use: Potion            |       |     3 |       ||     3
       Scroll            |       |       |     6 ||     6
  Eat: Chunk             |     1 |     4 |     5 ||    10
       Ration            |       |     1 |     1 ||     2
Armor: Scale mail        |    26 |    52 |   176 ||   254
Dodge: Dodged            |    19 |    19 |   106 ||   144
Block: Shield            |    25 |    49 |   170 ||   244
       Rpst.: Long sword |     5 |     6 |    32 ||    43

Table legend:
 A = Spawn XP
 B = Non-spawn XP
 C = Spawn XP percentage of total XP
 D = Spawn monster count
 E = Non-spawn monster count
 F = Spawn count percentage of total count
 G = Total turns spent on level
                    A         B        C        D         E        F      G
               +---------+---------+-------+---------+---------+-------+---------
         Total |       0 |    1755 |   0.0 |       0 |      90 |   0.0 |  5413
               +---------+---------+-------+---------+---------+-------+---------
           D:1 |       0 |      21 |   0.0 |       0 |      10 |   0.0 |   803
           D:2 |       0 |      58 |   0.0 |       0 |      10 |   0.0 |   663
           D:3 |       0 |     631 |   0.0 |       0 |      20 |   0.0 |  1796
           D:4 |       0 |     738 |   0.0 |       0 |      10 |   0.0 |  1159
           D:5 |       0 |      45 |   0.0 |       0 |       2 |   0.0 |   160
         Sewer |       0 |      84 |   0.0 |       0 |      24 |   0.0 |   586
       Ossuary |       0 |     178 |   0.0 |       0 |      14 |   0.0 |   246
               +---------+---------+-------+---------+---------+-------+---------
